 Dungeon Crawl Stone Soup version 0.27.1-34-g3ba077fa99 (webtiles) character file.

Game seed: 5941760462138215486

24 comborobin the Covert (level 2, 0/23 HPs)
             Began as a Vampire Delver on Jan 8, 2022.
             Succumbed to an adder's poison
             ... on level 3 of the Dungeon.
             The game lasted 00:02:14 (251 turns).

comborobin the Covert (Vampire Delver)               Turns: 251, Time: 00:02:14

Health: 0/23       AC:  3    Str: 11    XL:     2   Next: 79%
Magic:  2/2        EV: 12    Int: 12    God:
Gold:   0          SH:  0    Dex: 15    Spells: 1/1 levels left

rFire    . . .     SeeInvis +     - Unarmed
rCold    . . .     Faith    .   (no shield)
rNeg     . . .     Spirit   .   a - +0 leather armour
rPois    .         Reflect  .   (no helmet)
rElec    .         Harm     .   (no cloak)
rCorr    .         Rampage  .   (no gloves)
Will     .....                  (no boots)
Stlth    ++++......             (no amulet)
HPRegen  0.27/turn              (no ring)
MPRegen  0.08/turn              (no ring)

@: lethally poisoned (0 -> -3), healing quickly, hasted, very quick
A: alive, fangs 3, see invisible, vampiric 1
a: Exsanguinate


You were on level 3 of the Dungeon.
You visited 1 branch of the dungeon, and saw 4 of its levels.

Inventory:

Hand Weapons
 g - a +0 dagger
Armour
 a - a +0 leather armour (worn)
Wands
 f - a wand of digging (3)
Scrolls
 b - a scroll of fog
 c - a scroll of enchant armour {unknown}
 d - a scroll of fear


   Skills:
 - Level 2.6 Fighting
 + Level 1.5 Short Blades
 - Level 2.1 Dodging
 + Level 8.0 Stealth
 - Level 2.1 Unarmed Combat


You had one spell level left.
You didn't know any spells.
Your spell library was empty.

Dungeon Overview and Level Annotations

Branches:
Dungeon (6/15)             Temple (0/1) D:5

Altars:

Annotations:
D:4 exclusion: downstairs
D:5 2 runed translucent doors, exclusions: downstairs and upstairs


Innate Abilities, Weirdness & Mutations

Your natural rate of healing is accelerated.
You have razor-sharp teeth.
You have supernaturally acute eyesight. (SInv)
You are afflicted with vampirism.


Message History

The adder poisons you!
Your leather armour prevents you from hitting the adder.
The adder is severely wounded.
You feel sick. The adder bites you.
You are more poisoned.
The adder poisons you! The adder closely misses you.
You miss the adder. Your punch misses the adder.
The adder is severely wounded.
You feel sick. The adder completely misses you.
You miss the adder. You bite the adder, but do no damage.
The adder is severely wounded.
You feel sick. The adder barely misses you.
You miss the adder.
The adder is severely wounded.
You feel sick. The adder bites you but does no damage.
You miss the adder.
The adder is severely wounded.
You feel sick. The adder bites you.
* * * LOW HITPOINT WARNING * * *
You are lethally poisoned!
The adder poisons you! The adder barely misses you.
You feel yourself speed up.
* * * LOW HITPOINT WARNING * * *
You feel sick. The adder completely misses you.
* * * LOW HITPOINT WARNING * * *
You feel sick.
You closely miss the adder.
The adder is severely wounded.
* * * LOW HITPOINT WARNING * * *
You feel sick.
You closely miss the adder.
The adder is severely wounded.
* * * LOW HITPOINT WARNING * * *
You feel sick. The adder completely misses you.
You barely miss the adder. You bite the adder.
You kill the adder!
* * * LOW HITPOINT WARNING * * *
You feel sick.
Your Stealth skill increases to level 8!
You die...

#..# #..........#
#..# #..........#
#†.####..........#
#...##..........###
##†...#####..###...
#.##..###...##...#
#.###.##..........
#..##.#...........
##..#@#...>.......
##...............
#................
#...........##...#
#.........### ####
#.........#
#.........#
#.........#
#.......$..


There were no monsters in sight!

Vanquished Creatures
  2 adders (D:3)
  An endoplasm (D:3)
  2 giant cockroaches
  A quokka (D:5)
  A kobold (D:4)
7 creatures vanquished.

Notes
Turn   | Place    | Note
-------+----------+-------------------------------------------
     0 | D:5      | comborobin the Vampire Delver began the quest for the Orb.
     0 | D:5      | Reached XP level 1. HP: 17/17 MP: 1/1
     6 | D:6      | Noticed a centaur
    28 | D:4      | Noticed a steam dragon
    64 | D:5      | Noticed a scorpion
   200 | D:3      | Reached skill level 1 in Short Blades
   200 | D:3      | Reached XP level 2. HP: 18/23 MP: 2/2
   250 | D:3      | HP: 1/23 [poisoned by an adder]
   251 | D:3      | Reached skill level 8 in Stealth
   251 | D:3      | Succumbed to an adder's poison

Illustrated notes

Levels and vault maps discovered:
D:3:      layout_rooms, led_xom_imps
D:4:      layout_loops_cross, hangedman_abyss_or_decor_stagger, uniq_sigmund
D:5:      cheibrodos_quashed, layout_loops_cross, mainiacjoe_overflow_brackets,
          jmf_multi_god_temple2, minmay_temple_entry_overgrown,
          gammafunk_ghost_cemetery, guppyfry_shop_venom
D:6:      layout_cave_pools, mainiacjoe_overflow_cross_hatched,
          mainiacjoe_overflow_large_starburst, ebering_ghost_sewer_f

Skill      XL: |  1  2 |
---------------+-------+-----
Short Blades   | 1 |  1.5
Stealth        | 8 |  8.0
Fighting       | |  2.6
Dodging        | |  2.1
Unarmed Combat | |  2.1

Action                   || total
-------------------------++-------
Melee: Unarmed           ||    43
       Dagger            ||     5
       Bite              ||     4
  Use: Scroll            ||     1
       Potion            ||     1
 Stab: Sleeping          ||     1
Armor: Leather armour    ||    11
Dodge: Dodged            ||    26
